 Dungeon Crawl Stone Soup version 0.30-a0-250-g41c1d76940 (webtiles) character file.

Game seed: 3229941836996214890

578 Anon1729 the Ducker (level 7, -4/44 HPs)
             Began as a Kobold Monk on Oct 12, 2022.
             Slain by an ogre
             ... wielding a +0 giant spiked club
              (16 damage)
             ... on level 5 of the Dungeon.
             The game lasted 00:09:04 (4265 turns).

Anon1729 the Ducker (Kobold Monk)                   Turns: 4265, Time: 00:09:04

Health: -4/44      AC:  4    Str: 10    XL:     7   Next: 62%
Magic:  7/7        EV: 22    Int: 11    God:
Gold:   214        SH:  0    Dex: 21    Spells: 6/6 levels left

rFire   x . .      SeeInvis .    y - +7 sling of Corruption {flame, rF- rN++ Dex+3}
rCold   . . .      Faith    .    (no shield)
rNeg    + + .      Spirit   .    b - +0 robe
rPois   +          Reflect  .    (no helmet)
rElec   .          Harm     .    (no cloak)
rCorr   .          Rampage  .    j - +0 pair of gloves
Will    .....                    n - +0 pair of boots
Stlth   ++++......               (no amulet)
HPRegen 0.27/turn                h - +4 ring of evasion
MPRegen 0.10/turn                i - ring of poison resistance

@: weak-willed
A: small, no large weapons, nightstalker 3
a: no special abilities


You were on level 5 of the Dungeon.
You visited 1 branch of the dungeon, and saw 5 of its levels.
You also visited: Ossuary.

You collected 214 gold pieces.

Inventory:

Hand Weapons
 a - a +0 spear
 y - the +7 sling of Corruption (weapon) {flame, rF- rN++ Dex+3}
   (You found it on level 3 of the Dungeon)

   Any ammunition fired from it burns those it strikes, dealing additional fire
   damage.
   Dex:       It affects your dexterity (+3).
   rF:        It makes you vulnerable to fire.
   rN:        It greatly protects you from negative energy.
Armour
 b - a +0 robe (worn)
 j - a +0 pair of gloves (worn)
 k - a +0 ring mail
 n - a +0 pair of boots (worn)
 p - a +0 hat
Jewellery
 e - a +6 ring of intelligence
 h - a +4 ring of evasion (left hand)
 i - a ring of poison resistance (right hand)
 A - an amulet of the acrobat
Wands
 u - a wand of charming (1)
Scrolls
 d - a scroll of magic mapping
 f - a scroll of vulnerability
 g - 2 scrolls of identify {unknown}
 m - a scroll of enchant weapon {unknown}
 q - a scroll of immolation {unknown}
 s - a scroll of blinking {unknown}
 v - 2 scrolls of fear {unknown}
 z - 2 scrolls of butterflies {unknown}
Potions
 c - 3 potions of mutation {unknown}
 l - 2 potions of curing {unknown}
 o - a potion of flight {unknown}
 r - a potion of heal wounds {unknown}
 t - a potion of haste {unknown}
 w - a potion of berserk rage {unknown}
 x - a potion of invisibility {unknown}
 B - a potion of attraction {unknown}
 C - 2 potions of ambrosia
 D - a potion of might


   Skills:
 + Level 4.7 Fighting
 - Level 2.4(2.9) Polearms
 + Level 2.5(3.1) Staves
 + Level 2.1 Armour
 + Level 5.3 Dodging
 + Level 5.2 Stealth
 + Level 3.3 Evocations


You had 6 spell levels left.
You didn't know any spells.
Your spell library contained the following spells:

 Spells                   Type           Power      Damage    Failure   Level
 Sandblast                Erth           0%         2d4       34%         1
 Passwall                 Tmut/Erth      0%         N/A       47%         2
 Ignite Poison            Fire/Tmut/Pois 0%         N/A       71%         3
 Kindle Blastsparks       Fire/Tloc/Air  0%         2d10      71%         3
 Stone Arrow              Conj/Erth      0%         3d7       71%         3
 Freezing Cloud           Conj/Ice/Air   0%         6-21      100%        5


Dungeon Overview and Level Annotations

Branches:
Dungeon (5/15)            Ossuary (visited)
 Temple: D:4-7

Altars:
Dithmenos
Uskayaw

Shops:
D:2 (

Annotations:
D:2 1 runed translucent door, Crazy Yiuf, Natasha
D:3 Pargi, Sigmund


Innate Abilities, Weirdness & Mutations

You are small and have problems with some larger weapons.
You are completely attuned to the shadows.


Message History

The adder is severely wounded.
The adder barely misses you. The adder misses you.
You shoot a sling bullet.
The sling bullet closely misses the adder.
The adder barely misses you. The adder completely misses you.
The adder attacks as you move away! The adder bites you.
You shoot a sling bullet.
The sling bullet barely misses the adder.
You hear a bark!
The adder barely misses you. The adder misses you.
A hound comes into view.
You shoot a sling bullet. The sling bullet hits the adder!
The sling bullet burns the adder.
You kill the adder!
You hear a shout!
The ogre closely misses you.
Fire: y) +7 sling of Corruption {flame, rF- rN++ Dex+3}
Press: ? - help, Q - select action, (/) - cycle Shift-Dir - straight line, f - ogre
Aim: an ogre, wielding a +0 giant spiked club (moderately wounded, 80% to hit)
You shoot a sling bullet. The sling bullet hits the ogre.
The sling bullet burns the ogre.
The ogre is heavily wounded.
The hound closely misses you. x2
The ogre hits you with a +0 giant spiked club!!
Ouch! That really hurt!
* * * LOW HITPOINT WARNING * * *
As you read the scroll labelled LALUBRI ROPTO, it crumbles to dust.
You feel aware of your surroundings.
It was a scroll of magic mapping.
The hound misses you.
An ogre comes into view. It is wielding a +0 giant club.
As you read the scroll labelled RAGISE KAC GIJ, it crumbles to dust.
Magic quickly surges around you.
It was a scroll of vulnerability.
The hound completely misses you. The ogre misses you.
The hound closely misses you.
Aiming: Charm
Press: ? - help, Shift-Dir - straight line, f/p - ogre
Aim: an ogre, wielding a +0 giant spiked club (heavily wounded, weak-willed, chance to affect: 66%)
The ogre struggles to resist.
The hound completely misses you.
The ogre hits you with a +0 giant spiked club!
You die...

***,**,,,,,***,**,,,,,,,,,,,,,,,,
,*,,***,,,,,,,,,,,,,,,,,,,,,*,,*,
,,,** *,,...**..**,,,,,,,,,,,,**,
,,** *,,.).##.#**,,,,,,,,,,*,,*,
,,* **,,......# *,,,,,,,,,,,,,,,
*,* *,,,...)#.# *,,,,,,,,,,,,,,,
,,****,*,,#....# **,,,,,,,,,,<,,,
,,,,,,,**,#.#..###**,,,,,*,,,,,,*
*,,,,,,*,..,##.O@###.*****,,,,,,*
,,,***,,,#,*##.#.hO..* *,,,,,,*
,,** **,,,,.#...##..#* ***,,**,,,
*,* *,,,,..........#***,,,,**,,,
,,* **,,,,........#.#,,,,**,**,,,
,,***,,,,,...........,*****,**,,*
,,,,,,*,,,.........#.,,,,**,*,,,*
,,,,,,**,,,.......##****,,,,,,,,*
,,.,,****,,,....#.# **,,,,,<,,


You could see 2 ogres and a hound (weak-willed).

Vanquished Creatures
  2 elf zombies (Ossuary)
  A centaur zombie (Ossuary)
  2 human zombies (Ossuary)
  2 orc wizards
  Natasha (D:2)
  3 mummies
  9 adders
  3 gnolls (D:3)
  3 adder zombies (Ossuary)
  A worm (D:3)
  2 dart slugs
  6 orcs
  11 ball pythons
  11 endoplasms
  4 giant cockroaches
  5 goblins
  5 hobgoblins
  4 jackals (D:1)
  11 kobolds
  5 quokkas
  4 bats
  3 frilled lizards
  A goblin zombie (Ossuary)
  8 hobgoblin zombies (Ossuary)
  10 kobold zombies (Ossuary)
  9 orc zombies (Ossuary)
  4 rats
  A rat zombie (Ossuary)
131 creatures vanquished.

Notes
Turn   | Place    | Note
-------+----------+-------------------------------------------
     0 | D:1      | Anon1729 the Kobold Monk began the quest for the Orb.
     0 | D:1      | Reached XP level 1. HP: 14/14 MP: 1/1
   129 | D:1      | Reached XP level 2. HP: 10/19 MP: 2/2
   330 | D:1      | Reached skill level 1 in Evocations
   390 | D:1      | Reached XP level 3. HP: 23/23 MP: 3/3
   882 | D:2      | Reached skill level 1 in Staves
   904 | D:2      | Reached XP level 4. HP: 26/28 MP: 4/4
  1169 | D:2      | Noticed Natasha
  1184 | D:2      | Killed Natasha
  1186 | D:2      | Noticed Natasha
  1394 | D:2      | Found a runed translucent door.
  1397 | D:2      | Noticed Crazy Yiuf
  1422 | D:2      | Found Noepah's Weapon Emporium.
  1549 | D:3      | Found a shadowy altar of Dithmenos.
  1606 | D:2      | Reached XP level 5. HP: 20/33 MP: 5/5
  1695 | D:3      | Noticed Sigmund
  1863 | D:3      | Reached skill level 1 in Armour
  2462 | D:3      | Noticed Pargi
  2611 | D:3      | Identified the +7 sling of Corruption {flame, rF- rN++
                  | Dex+3}
  2762 | D:4      | Reached XP level 6. HP: 38/38 MP: 6/6
  2798 | D:4      | Found a sand-covered staircase.
  2863 | Ossuary  | Entered an ossuary
  3065 | Ossuary  | Reached skill level 5 in Dodging
  3065 | Ossuary  | Reached XP level 7. HP: 39/44 MP: 7/7
  3154 | Ossuary  | Reached skill level 5 in Stealth
  3485 | D:4      | Found a hide-covered altar of Uskayaw.
  4204 | D:5      | Entered Level 5 of the Dungeon
  4265 | D:5      | Slain by an ogre

Illustrated notes

Levels and vault maps discovered:
D:1:      shiori_arrival_elements, layout_basic
D:2:      layout_rooms, serial_shops, shop, uniq_natasha,
          uniq_crazy_yiuf_cottage
D:3:      layout_loops_ring, overflow_temple_1_default, portal_sewer_entry_e,
          uniq_sigmund, uniq_pargi
D:4:      layout_layer_cave, old_standard_altar, gup_ossuary_entry_pyramid
D:5:      layout_rooms, minmay_misc_feat_cross

Skill      XL: |  1  2  3  4  5  6  7 |
---------------+----------------------+-----
Stealth        | 3 4 5 |  5.2
Evocations     | 1 2 3 |  3.3
Dodging        | 4 5 |  5.3
Staves         | 1 2 |  2.5
Armour         | 1 2 |  2.1
Fighting       | 4 |  4.7
Polearms       | |  2.4

Action                   |  1- 3 |  4- 6 |  7- 9 || total
-------------------------+-------+-------+-------++-------
Melee: Spear             |   123 |   218 |       ||   341
       Punch             |       |     4 |       ||     4
       Sling             |       |     1 |       ||     1
 Fire: Sling             |       |    77 |    71 ||   148
Evoke: Wand              |       |       |     1 ||     1
  Use: Potion            |       |     1 |       ||     1
       Scroll            |       |       |     2 ||     2
 Stab: Sleeping          |    17 |    10 |       ||    27
Armor: Robe              |    16 |    27 |     2 ||    45
Dodge: Dodged            |    74 |   293 |    46 ||   413

Table legend: (Time is in decaauts)
 A = Elapsed time spent in this place.
 B = Non-inter-level travel time spent in this place.
 C = Inter-level travel time spent in this place.
 D = Time resting spent in this place.
 E = Time spent auto-exploring this place.
 F = Levels seen in this place.
 G = Mean time per level.
                   A        B        C        D        E       F      G
               +--------+--------+--------+--------+--------+-----+--------+
         Total |   4325 |   4064 |    261 |    175 |   2513 |   6 |  720.8 |
       Dungeon |   3927 |   3666 |    261 |    175 |   2344 |   5 |  785.4 |
       Ossuary |    397 |    397 |      0 |      0 |    169 |   1 |  397.0 |
               +--------+--------+--------+--------+--------+-----+--------+

Top non-repeatable levels by time:
     D:3: 1142 daAuts
     D:4: 1099 daAuts
     D:1: 813 daAuts
     D:2: 805 daAuts
 Ossuary: 397 daAuts
     D:5: 66 daAuts
